 Dungeon Crawl Stone Soup version 0.22-a0-135-g6f012ad (webtiles) character file.

75518 SnubMonkey the Executioner (level 15, -3/139 HPs)
             Began as a Minotaur Berserker on Jan 31, 2018.
             Was the Champion of Trog.
             Killed from afar by a fire dragon (23 damage)
             ... with a blast of flame
             ... on level 14 of the Dungeon.
             The game lasted 01:01:41 (24834 turns).

SnubMonkey the Executioner (Minotaur Berserker)    Turns: 24834, Time: 01:01:42

Health: -3/139     AC: 22    Str: 28    XL:     15   Next: 9%
Magic:  7/7        EV: 13    Int:  5    God:    Trog [******]
Gold:   1198       SH:  0    Dex: 12    Spells: 14/14 levels left

rFire    . . .     SeeInvis .   a - +9 executioner's axe (antimagic)
rCold    . . .     Gourm    +   (shield currently unavailable)
rNeg     . . .     Faith    .   G - +0 plate armour
rPois    +         Spirit   .   (helmet restricted)
rElec    .         Reflect  .   s - +0 cloak
rCorr    .         Harm     .   D - +2 pair of gloves
MR       +....                  g - +0 pair of boots
Stlth    ..........             J - amulet of the gourmand
HPRegen  0.33/turn              K - ring of poison resistance
MPRegen  0.10/turn              R - ring "Ellisyxe" {MP+9 Str+3}

@: no status effects
A: retaliatory headbutt, horns 2
a: Berserk, Trog's Hand, Brothers in Arms, Burn Spellbooks, Renounce Religion


You were on level 14 of the Dungeon.
You worshipped Trog.
Trog was exalted by your worship.
You were very full.

You visited 2 branches of the dungeon, and saw 20 of its levels.

You collected 1474 gold pieces.
You spent 276 gold pieces at shops.

Inventory:

Hand Weapons
 a - a +9 antimagic executioner's axe (weapon)
 b - a +3 shortbow of flaming
 c - the +8 flail of Ambiguity {flame, MR+}
   (You found it on level 9 of the Dungeon)

   It has been specially enchanted to burn those struck by it, causing extra
   injury to most foes and up to half again as much damage against particularly
   susceptible opponents.
   It affects your resistance to hostile enchantments.
 h - the +11 battleaxe of Light {freeze, +Blink rPois rF- Int+2}
   (You bought it in a shop on level 8 of the Dungeon)

   It has been specially enchanted to freeze those struck by it, causing extra
   injury to most foes and up to half again as much damage against particularly
   susceptible opponents.
   It can also slow down cold-blooded creatures.
   It affects your intelligence (+2).
   It makes you vulnerable to fire.
   It protects you from poison.
   It lets you blink.
Missiles
 r - 394 arrows
 u - 13 tomahawks (quivered)
Armour
 g - a +0 pair of boots (worn)
 s - a +0 cloak (worn)
 D - a +2 pair of gloves (worn)
 G - a +0 plate armour (worn)
Jewellery
 n - an uncursed ring of see invisible
 o - an uncursed ring of positive energy
 B - an uncursed ring of protection from magic {unknown}
 J - an amulet of the gourmand (around neck)
 K - a ring of poison resistance (left hand)
 R - the ring "Ellisyxe" (right hand) {MP+9 Str+3}
   (You found it on level 6 of the Lair of Beasts)

   [ring of magical power]

   It affects your strength (+3).
   It affects your magic capacity (+9).
Wands
 m - a wand of flame (17)
 v - a wand of digging (28)
 y - a wand of disintegration (6)
 L - a wand of polymorph (28)
 X - a wand of scattershot (7)
Scrolls
 f - a scroll of amnesia {unknown}
 i - a scroll of fear {unknown}
 j - 6 scrolls of remove curse
 k - 11 scrolls of teleportation
 q - 3 scrolls of fog
 w - 2 scrolls of blinking
 O - 2 scrolls of magic mapping {unknown}
 P - a scroll of holy word {unknown}
 S - a scroll of vulnerability {unknown}
 U - a scroll of noise {unknown}
Potions
 d - 3 potions of haste
 e - 2 potions of resistance
 l - 10 potions of curing
 p - 3 potions of flight
 t - 4 potions of heal wounds
 x - a potion of mutation
 z - 2 potions of agility
 A - 4 potions of lignification
 C - 3 potions of brilliance
 E - a potion of invisibility
 F - a potion of magic
 H - 3 potions of might
Books
 N - a book of Cantrips

   Spells                             Type                      Level
   a - Confusing Touch                Hexes                        1
   b - Animate Skeleton               Necromancy                   1
   c - Summon Small Mammal            Summoning                    1
   d - Apportation                    Translocation                1
   Trog disapproves of the use of such an item.
Comestibles
 M - 32 rations


   Skills:
 + Level 14.8 Fighting
 * Level 21.0 Axes
 + Level 12.4 Armour
 + Level 11.5 Dodging


You had 14 spell levels left.
You didn't know any spells.

Dungeon Overview and Level Annotations

Branches:
Dungeon (14/15)            Temple (0/1) D:5            Lair (6/6) D:9
 Shoals (0/4) Lair:4        Snake (0/4) Lair:2        Slime (0/5) Lair:6
    Orc (0/2) D:10         Vaults (0/5) D:13

Altars:
Elyvilon
Hepliaklqana
Kikubaaqudgha
Ru
Sif Muna
Trog
Wu Jian
Xom
Zin
The Shining One
Jiyva

Shops:
D:8 (   D:9 [   D:11 %   D:13 :   D:14 =

Annotations:
Lair:3 exclusion: 2 oklob plants


Innate Abilities, Weirdness & Mutations

You reflexively headbutt those who attack you in melee.
You have a pair of horns on your head.


Message History

The fire dragon closely misses you.
The fire dragon tramples you but does no damage.
You slice the fire dragon!! Your headbutt misses the fire dragon.
The fire dragon is severely wounded.
The fire dragon bites you!
* * * LOW HITPOINT WARNING * * *
The fire dragon closely misses you.
The fire dragon tramples you but does no damage.
You hit the fire dragon but do no damage.
The fire dragon is severely wounded.
The fire dragon bites you!
* * * LOW HITPOINT WARNING * * *
The fire dragon closely misses you.
The fire dragon tramples you but does no damage.
You slice the fire dragon!!
You headbutt the fire dragon, but do no damage.
The fire dragon is almost dead.
The fire dragon breathes flames at you. The blast of flame hits you!
You die...

##..## ##.... ... #..## ##.....
#..# ##.## ##..###. ... #..#
##..# ##..## #. ....#..# #..##
#..## #. ....#..# #..## #.## ##
....#..# ##..># #..# #
....#..##########.#..####..######
.........).....D@................
.......#############...####......
.......# ##.#.# ####... .......#
###.# ###. #####..# # #. #.D# #.
#..# ## #..# ## #)*# ##.


You could see a fire dragon.

Vanquished Creatures
  Kirke (D:12)
  The ghost of Tovarisch the Fighter, a journeyman TrMo of Okawaru (Lair:6)
  A stone giant (D:9)
  4 vault guards (D:13)
  A hydra (Lair:3)
  A centaur warrior (D:13)
  An ogre mage (D:14)
  Erica (D:8)
  A two-headed ogre (D:13)
  3 catoblepae (Lair:6)
  7 death yaks (Lair:6)
  2 tengu warriors
  A skeletal warrior (D:13)
  2 unseen horrors
  The ghost of ThereIsNoGod the Grappler, a novice TrMo of Cheibriados (D:6)
  4 ugly things
  A cyclops (D:12)
  2 manticores (Lair:6)
  20 elephants
  A centaur zombie (D:13)
  11 spiny frogs
  2 torpor snails
  4 black mambas
  2 merfolk sirens (Lair:4)
  An ice statue (Lair:5)
  16 komodo dragons
  2 rime drakes (Lair:2)
  An ice devil (Lair:5)
  A queen bee (D:8)
  6 trolls
  A tengu conjurer (D:14)
  3 polar bears (Lair:5)
  A hornet (D:12)
  11 hippogriffs
  20 blink frogs
  2 dream sheep (Lair:6)
  A vampire (D:14)
  2 wraiths
  2 shadows
  59 yaks
  6 wyverns
  A tarantella (shapeshifter) (D:9)
  A hungry ghost (D:8)
  4 basilisks
  A steam dragon (D:11)
  3 hogs (D:12)
  2 wargs (D:10)
  3 nagas (Lair:2)
  2 soldier ants
  4 porcupines
  Duvessa (D:7)
  15 water moccasins
  10 ice beasts
  6 sky beasts
  3 orc warriors
  3 eyes of draining
  5 ogres
  7 black bears
  19 wolves
  9 centaurs
  A big kobold (D:11)
  9 crocodiles
  An elf zombie (D:9)
  25 bullfrogs
  Dowan (D:7)
  2 wyvern skeletons
  3 scorpions
  A troll zombie (D:9)
  7 wights
  15 killer bees
  4 howler monkeys
  2 lava snakes (Lair:4)
  4 crimson imps
  A bullfrog zombie (D:9)
  4 hounds
  2 human zombies (D:9)
  5 jellies
  3 centaur skeletons
  5 orc priests
  Crazy Yiuf (D:2)
  2 human skeletons (D:9)
  4 iguanas
  A gnoll shaman (D:9)
  Jessica (D:2)
  4 bullfrog skeletons
  12 worker ants
  13 orc wizards
  A hound skeleton (D:4)
  4 mummies (D:9)
  A howler monkey zombie (D:11)
  A worker ant zombie (D:11)
  7 gnolls
  11 adders
  3 shadow imps
  3 white imps (Lair:5)
  3 oozes
  4 worms
  5 dart slugs
  8 leopard geckos
  42 orcs
  6 giant cockroaches
  10 goblins
  5 hobgoblins
  4 jackals
  5 quokkas
  6 ball pythons
  8 bats
  4 frilled lizards
  14 kobolds
  A leopard gecko skeleton (D:4)
  An orc skeleton (D:9)
  A quokka zombie (D:5)
  7 rats
  11 fungi
  A plant (Lair:2)
619 creatures vanquished.

Vanquished Creatures (collateral kills)
  A hydra (D:9)
  A centaur warrior (D:9)
  5 yaks (D:9)
  A wight (D:9)
8 creatures vanquished.

Vanquished Creatures (others)
  4 fungi
  15 plants
19 creatures vanquished.

Grand Total: 646 creatures vanquished

Notes
Turn   | Place    | Note
-------+----------+-------------------------------------------
     0 | D:1      | SnubMonkey the Minotaur Berserker began the quest for the Orb.
     0 | D:1      | Reached XP level 1. HP: 19/19 MP: 0/0
   251 | D:1      | Reached skill level 4 in Axes
   374 | D:1      | Reached XP level 2. HP: 18/26 MP: 1/1
   867 | D:1      | Reached skill level 5 in Axes
  1403 | D:2      | Reached XP level 3. HP: 31/31 MP: 2/2
  1628 | D:2      | Noticed a killer bee
  1629 | D:2      | Found a sacrificial altar of Ru.
  1650 | D:2      | Noticed a scorpion
  1661 | D:2      | Found a transporter.
  1677 | D:2      | Reached ** piety under Trog
  1685 | D:2      | Found a transporter.
  1948 | D:2      | Noticed Jessica
  1966 | D:2      | Killed Jessica
  1966 | D:2      | Reached skill level 6 in Axes
  1966 | D:2      | Reached XP level 4. HP: 29/39 MP: 3/3
  2023 | D:2      | Found a runed door.
  2434 | D:2      | Noticed Crazy Yiuf
  2438 | D:2      | Killed Crazy Yiuf
  2652 | D:2      | Reached skill level 7 in Axes
  2652 | D:2      | Reached XP level 5. HP: 45/45 MP: 4/4
  2909 | D:3      | Reached skill level 8 in Axes
  3015 | D:3      | Reached *** piety under Trog
  3021 | D:3      | Reached XP level 6. HP: 39/51 MP: 5/5
  3047 | D:3      | Found a glowing golden altar of the Shining One.
  3047 | D:3      | Found a white marble altar of Elyvilon.
  3273 | D:3      | Found a deep blue altar of Sif Muna.
  3999 | D:4      | Reached skill level 9 in Axes
  4166 | D:4      | Noticed an ice beast
  4176 | D:4      | Killed an ice beast
  4176 | D:4      | Reached XP level 7. HP: 57/57 MP: 6/6
  4327 | D:4      | Reached skill level 10 in Axes
  4500 | D:5      | Entered Level 5 of the Dungeon
  4738 | D:5      | Found an ornate altar of the Wu Jian Council.
  4909 | D:5      | Found a staircase to the Ecumenical Temple.
  5960 | D:6      | Reached XP level 8. HP: 59/66 MP: 7/7
  6038 | D:6      | Reached skill level 11 in Axes
  6280 | D:6      | Reached **** piety under Trog
  6295 | D:6      | Reached skill level 5 in Fighting
  6405 | D:6      | Found a shimmering altar of Xom.
  6408 | D:6      | Noticed ThereIsNoGod's ghost (novice TrMo)
  6429 | D:6      | Killed ThereIsNoGod's ghost
  6429 | D:6      | Reached skill level 5 in Armour
  6429 | D:6      | Reached XP level 9. HP: 75/75 MP: 8/8
  6569 | D:6      | Reached skill level 12 in Axes
  7262 | D:7      | Reached skill level 5 in Dodging
  7924 | D:7      | Noticed Duvessa
  7926 | D:7      | Noticed Dowan
  7930 | D:7      | Killed Duvessa
  7933 | D:7      | Killed Dowan
  7990 | D:7      | Found a bloodstained altar of Trog.
  8322 | D:7      | Reached skill level 13 in Axes
  8651 | D:8      | Noticed a queen bee
  8653 | D:8      | Received a gift from Trog
  8656 | D:8      | Reached XP level 10. HP: 86/86 MP: 9/9
  8657 | D:8      | Noticed Erica
  8808 | D:8      | Killed Erica
  8895 | D:8      | Reached ***** piety under Trog
  9105 | D:8      | Reached skill level 14 in Axes
  9489 | D:8      | Found Vogyhum's Antique Weapon Shop.
  9497 | D:8      | Bought a bloodstained battleaxe for 276 gold pieces
  9502 | D:8      | Identified the +11 battleaxe of Light {freeze, +Blink rPois rF- Int+2} (You bought it in a shop on level 8 of the Dungeon)
 10047 | D:9      | Found a staircase to the Lair.
 10235 | D:9      | Found Ukhoh's Antique Armour Emporium.
 10518 | D:9      | Found a hazy altar of Hepliaklqana.
 10591 | D:9      | Found an ancient bone altar of Kikubaaqudgha.
 10617 | D:9      | Reached XP level 11. HP: 88/95 MP: 10/10
 10809 | D:9      | Noticed a five-headed hydra
 10809 | D:9      | Noticed a centaur warrior
 10821 | D:9      | Killed a centaur warrior
 10826 | D:9      | Killed a five-headed hydra
 10862 | D:9      | Noticed a stone giant
 10867 | D:9      | Killed a stone giant
 10867 | D:9      | Reached skill level 15 in Axes
 10871 | D:9      | Got a steaming flail
 10874 | D:9      | Identified Sif Muna's Reference Book on Ghastly Slavery
 11152 | D:9      | Identified the +8 flail of Ambiguity {flame, MR+} (You found it on level 9 of the Dungeon)
 11207 | D:10     | Entered Level 10 of the Dungeon
 11298 | D:10     | Found a staircase to the Orcish Mines.
 11775 | D:11     | Received a gift from Trog
 12113 | D:11     | Noticed a red ugly thing
 12122 | D:11     | Killed a red ugly thing
 12486 | D:11     | Found Koruj's Food Emporium.
 12600 | D:11     | Noticed a cyan ugly thing
 12613 | D:11     | Killed a cyan ugly thing
 12613 | D:11     | Reached skill level 10 in Fighting
 13025 | Lair:1   | Entered Level 1 of the Lair of Beasts
 13148 | Lair:1   | Found a frozen archway.
 13493 | Lair:1   | Reached skill level 16 in Axes
 13493 | Lair:1   | Reached XP level 12. HP: 103/106 MP: 11/11
 13495 | Lair:1   | Reached skill level 10 in Armour
 14318 | Lair:2   | Received a gift from Trog
 14482 | Lair:2   | Found a staircase to the Snake Pit.
 14532 | Lair:2   | Reached skill level 17 in Axes
 15233 | Lair:3   | Reached XP level 13. HP: 117/117 MP: 12/12
 15400 | Lair:3   | Reached skill level 18 in Axes
 16277 | Lair:4   | Reached ****** piety under Trog
 17100 | Lair:4   | Found a staircase to the Shoals.
 17143 | Lair:4   | Received a gift from Trog
 17376 | Lair:5   | Reached skill level 19 in Axes
 18695 | Lair:5   | Got a faintly humming buckler
 18780 | Lair:6   | Entered Level 6 of the Lair of Beasts
 18782 | Lair:6   | Reached skill level 10 in Dodging
 18795 | Lair:6   | Found a viscous altar of Jiyva.
 18796 | Lair:6   | Found a staircase to the Slime Pits.
 18796 | Lair:6   | Noticed Tovarisch's ghost (journeyman TrMo)
 18801 | Lair:6   | Reached XP level 14. HP: 129/129 MP: 11/13
 19251 | Lair:6   | Killed Tovarisch's ghost
 20029 | Lair:6   | Received a gift from Trog
 20270 | Lair:6   | Reached skill level 20 in Axes
 21387 | Lair:6   | Got a scorched bronze ring
 21580 | D:9      | Identified the ring "Ellisyxe" {MP+9 Str+3} (You found it on level 6 of the Lair of Beasts)
 21872 | D:12     | Noticed Kirke
 21882 | D:12     | Killed Kirke
 21930 | D:12     | Found a glowing golden altar of the Shining One.
 22575 | D:13     | Found Aqiec Icig's Book Shop.
 23004 | D:13     | Found a gate to the Vaults.
 23075 | D:13     | Received a gift from Trog
 23168 | D:13     | Found a glowing silver altar of Zin.
 23759 | D:13     | Reached XP level 15. HP: 103/139 MP: 0/14
 24120 | D:14     | Reached skill level 21 in Axes
 24220 | D:14     | Found Estrast's Jewellery Emporium.
 24834 | D:14     | Killed from afar by a fire dragon

Vault maps used:
D:1:      dpeg_arrival_arbitrary_a
D:2:      gammafunk_temple_overflow_arena, st_stairs_9, minmay_misc_feat_five,
          uniq_crazy_yiuf_cottage, uniq_jessica
D:3:      chequers_temple_overflow_statue_of_worship, led_sif_pool, first_ration
D:5:      minmay_temple_entry_glass, serial_co_window_serial, co_window_paths_b,
          co_window_of_opportunity_a, co_window_corner_a, co_window_corner_a,
          co_window_paths_a, co_window_paths_c, co_window_paths_c,
          co_window_of_opportunity_b, co_window_cross_4, co_window_broadway_c,
          co_window_broadway_b, co_window_corner_b, glass_columns_c,
          glass_columns_c, glass_columns_a, glass_columns_b, basic_altar
D:6:      xom_teletrap_fun
D:7:      kb_forest_paths, trog_ov_bears_minmay, uniq_duvessa
D:8:      serial_shops, nicolae_shop_waterfront, david_nohive_1, uniq_erica
D:9:      minmay_shrinking_squares, lemuel_coloured_pillars_altar,
          lemuel_mausoleum_altar_kikubaaqudgha, lair_entry_dummy, serial_shops,
          nicolae_shop_temple_entry_statues_fountains
D:10:     minmay_orc_entry_guard_dogs, serial_bayou_pond_c
D:11:     serial_shops, shop, water_boxes_lemuel
D:12:     nicolae_tso_swordbearing_angel, uniq_kirke
D:13:     lightli_vaults_fourway_checkpoint, serial_shops, nicolae_shop_crystal,
          basic_altar
D:14:     minmay_cut_squares, serial_shops, shop, small_statue_intersection
Lair:1:   portal_ice_cave_entry_pillars_1, beast_lair_carwin_7
Lair:2:   minmay_snake_entry_guardpost_small
Lair:3:   grunt_megastairs_5, minmay_lair_oklob_chamber
Lair:4:   elwin_shoals_entry_rooms
Lair:5:   ice2_lemuel, lemuel_fruit_fields
Lair:6:   evilmike_catoblepas_cave, slime_altar_1, infiniplex_staircase_pool

Skill      XL: |  1  2  3  4  5  6  7  8  9 10 11 12 13 14 15 |
---------------+----------------------------------------------+-----
Axes           | 4 5 6 7 8 9 10 11 13 14 16 17 19 20 21 | 21.0
Fighting       | 4 5 7 8 10 11 13 14 | 14.8
Armour         | 3 5 6 8 9 10 12 | 12.4
Dodging        | 3 4 6 7 9 10 11 | 11.5

Action                   |  1- 3 |  4- 6 |  7- 9 | 10-12 | 13-15 || total
-------------------------+-------+-------+-------+-------+-------++-------
Melee: Hand axe          |    74 |   110 |   134 |       |       ||   318
       Headbutt          |    12 |    15 |    57 |    88 |    93 ||   265
       War axe           |       |       |   165 |   103 |       ||   268
       Battleaxe         |       |       |       |   356 |   367 ||   723
       Flail             |       |       |       |       |     6 ||     6
       Executioner's axe |       |       |       |       |   147 ||   147
 Fire: Shortbow          |       |       |       |       |   104 ||   104
Invok: Berserk           |     2 |     5 |     7 |    10 |     9 ||    33
       Trog's Hand       |       |       |     1 |     1 |     1 ||     3
       Brothers in Arms  |       |       |       |     2 |       ||     2
  Use: Scroll            |       |     1 |     9 |     7 |     9 ||    26
       Potion            |       |       |       |     2 |     4 ||     6
 Stab: Sleeping          |       |     1 |       |       |       ||     1
  Eat: Chunk             |     5 |    11 |    17 |    56 |    40 ||   129
       Ration            |       |       |     1 |     1 |       ||     2
Armor: Animal skin       |    12 |    20 |     1 |       |       ||    33
       Robe              |       |       |    30 |       |       ||    30
       Ring mail         |       |       |    23 |       |       ||    23
       Plate armour      |       |       |    47 |   201 |   255 ||   503
       Scale mail        |       |       |     7 |       |       ||     7
Dodge: Dodged            |    44 |    70 |   118 |   178 |   233 ||   643
Block: Buckler           |       |    14 |    22 |    11 |       ||    47

Table legend:
 A = Spawn XP
 B = Non-spawn XP
 C = Spawn XP percentage of total XP
 D = Spawn monster count
 E = Non-spawn monster count
 F = Spawn count percentage of total count
 G = Total turns spent on level
                    A         B        C        D         E        F      G
               +---------+---------+-------+---------+---------+-------+---------
         Total |       0 |  107884 |   0.0 |       0 |     615 |   0.0 | 24834
               +---------+---------+-------+---------+---------+-------+---------
           D:1 |       0 |      40 |   0.0 |       0 |      20 |   0.0 |  1555
           D:2 |       0 |     274 |   0.0 |       0 |      30 |   0.0 |  1305
           D:3 |       0 |     100 |   0.0 |       0 |      23 |   0.0 |   527
           D:4 |       0 |     473 |   0.0 |       0 |      18 |   0.0 |  1309
           D:5 |       0 |     536 |   0.0 |       0 |      22 |   0.0 |  1235
           D:6 |       0 |    1711 |   0.0 |       0 |      23 |   0.0 |  1232
           D:7 |       0 |    1982 |   0.0 |       0 |      31 |   0.0 |  1602
           D:8 |       0 |    3809 |   0.0 |       0 |      42 |   0.0 |  1112
           D:9 |       0 |    6224 |   0.0 |       0 |      50 |   0.0 |  1510
          D:10 |       0 |     615 |   0.0 |       0 |       7 |   0.0 |   594
          D:11 |       0 |    4103 |   0.0 |       0 |      44 |   0.0 |  1264
          D:12 |       0 |    7607 |   0.0 |       0 |      29 |   0.0 |   727
          D:13 |       0 |   12884 |   0.0 |       0 |      47 |   0.0 |  1906
          D:14 |       0 |    4466 |   0.0 |       0 |      10 |   0.0 |   415
        Lair:1 |       0 |    7931 |   0.0 |       0 |      30 |   0.0 |  1219
        Lair:2 |       0 |    8298 |   0.0 |       0 |      39 |   0.0 |   981
        Lair:3 |       0 |    9432 |   0.0 |       0 |      27 |   0.0 |   970
        Lair:4 |       0 |    5667 |   0.0 |       0 |      28 |   0.0 |  1204
        Lair:5 |       0 |   10685 |   0.0 |       0 |      43 |   0.0 |  2187
        Lair:6 |       0 |   21047 |   0.0 |       0 |      52 |   0.0 |  1980
               +---------+---------+-------+---------+---------+-------+---------
